 Dungeon Crawl Stone Soup version 0.29.1-15-g9cfb28693d (webtiles) character file.

Game seed: 2610836777782102661

10665 cowcol the Severer (level 11, 0/99 HPs)
             Began as a Minotaur Fighter on Apr 5, 2023.
             Was a High Priest of Okawaru.
             Slain by a boulder beetle (30 damage)
             ... on level 11 of the Dungeon.
             The game lasted 00:40:20 (16806 turns).

cowcol the Severer (Minotaur Fighter)              Turns: 16806, Time: 00:40:20

Health: 0/99       AC: 25    Str: 21    XL:     11   Next: 39%
Magic:  12/12      EV:  7    Int:  9    God:    Okawaru [*****.]
Gold:   775        SH:  9    Dex: 16    Spells: 10/10 levels left

rFire   + . .      SeeInvis .   a - +0 war axe
rCold   . . .      Faith    .   L - +0 kite shield
rNeg    . . .      Spirit   .   J - +1 shadow dragon scales
rPois   +          Reflect  .   (helmet unavailable)
rElec   .          Harm     .   g - +0 cloak
rCorr   +          Rampage  .   (no gloves)
Will    .....      Clarity  +   t - +1 pair of boots of Foymut {rPois rC+}
Stlth   +++.......              q - amulet of the acrobat
HPRegen 0.26/turn               m - +4 ring of protection
MPRegen 0.13/turn               H - ring "Pyleepul" {Fire rCorr Dex+4 Stlth+}

@: no status effects
A: horns 3, retaliatory headbutt, clarity, clever 1
a: Renounce Religion, Heroism, Finesse, Duel


You were on level 11 of the Dungeon.
You worshipped Okawaru.
Okawaru was extremely pleased with you.
You visited 2 branches of the dungeon, and saw 12 of its levels.
You also visited: Bailey.

You collected 775 gold pieces.

Inventory:

Hand Weapons
 a - a +0 war axe (weapon)
 Z - a +0 battleaxe of venom
Missiles
 n - a throwing net
 s - 17 poisoned darts (quivered)
 y - 4 atropa-tipped darts
 B - 4 boomerangs
 C - 2 silver javelins
 D - 8 javelins
 N - 3 silver boomerangs
Armour
 b - a +0 scale mail
 c - a +0 buckler
 g - a +0 cloak (worn)
 i - a +4 ring mail of fire resistance
 t - the +1 pair of boots of Foymut (worn) {rPois rC+}
   (Okawaru gifted it to you on level 9 of the Dungeon)

   rC:        It protects you from cold.
   rPois:     It protects you from poison.
 F - a +0 chain mail
 J - +1 shadow dragon scales (worn)
 L - a +0 kite shield (worn)
 M - a +0 plate armour
Jewellery
 m - a +4 ring of protection (left hand)
 q - an amulet of the acrobat (around neck)
 v - a ring of willpower
 w - a ring of resist corrosion
 z - a ring of protection from fire
 H - the ring "Pyleepul" (right hand) {Fire rCorr Dex+4 Stlth+}
   (You found it on level 4 of the Dungeon)

   [ring of fire]

   It enhances your fire magic.
   Dex:       It affects your dexterity (+4).
   rF:        It protects you from fire.
   rC:        It makes you vulnerable to cold.
   rCorr:     It protects you from acid and corrosion.
   Stlth:     It makes you more stealthy.
 I - a ring of positive energy
 K - a ring of ice
 P - a ring of positive energy
 S - a ring of fire
 V - a ring of resist corrosion
 W - a ring of fire
Wands
 e - a wand of flame (31)
 T - a wand of mindburst (20)
 X - a wand of iceblast (6)
Scrolls
 d - a scroll of enchant weapon
 f - 2 scrolls of summoning
 h - 4 scrolls of teleportation
 o - a scroll of fear
 u - 2 scrolls of immolation
 x - a scroll of silence
 E - a scroll of fog
 G - a scroll of identify
 Q - 3 scrolls of vulnerability
 Y - a scroll of amnesia
Potions
 j - a potion of heal wounds
 k - 3 potions of brilliance
 l - 4 potions of flight
 r - a potion of might
 A - 3 potions of attraction
 O - 2 potions of curing
 U - a potion of haste {unknown}
Miscellaneous
 p - a condenser vane
 R - a piece from Xom's chessboard (15/15)


   Skills:
 + Level 10.1 Fighting
 + Level 15.3 Axes
 - Level 1.0 Throwing
 + Level 11.6 Armour
 * Level 1.5 Dodging
 - Level 3.6 Shields
 - Level 3.0 Invocations


You had 10 spell levels left.
You didn't know any spells.
Your spell library contained the following spells:

 Spells                   Type           Power      Damage    Failure   Level
 Necrotise                Necr           0%         1d4       100%        1
 Shock                    Conj/Air       0%         1d3       100%        1
 Ozocubu's Armour         Ice            0%         N/A       100%        3
 Swiftness                Air            0%         N/A       100%        3
 Airstrike                Air            0%         2d(0-16)  100%        4
 Hailstorm                Conj/Ice       0%         3d3       100%        4
 Ice Form                 Ice/Tmut       0%         N/A       100%        4
 Ozocubu's Refrigeration  Ice            0%         4d7       100%        7
 Simulacrum               Ice/Necr       Unusable   N/A       N/A         6

Dungeon Overview and Level Annotations

Branches:
Dungeon (11/15)            Temple (1/1) D:4            Lair (0/5) D:8
 Bailey (visited)
    Orc: D:9-12

Altars:
Ashenzari
Cheibriados
Dithmenos
Elyvilon
Fedhas
Gozag
Hepliaklqana
Kikubaaqudgha
Makhleb
Nemelex Xobeh
Okawaru
Qazlal
Ru
Sif Muna
Trog
Uskayaw
Vehumet
Wu Jian
Xom
Yredelemnul
Zin
The Shining One

Shops:
D:4 (   D:5 =

Annotations:
D:8 1 transporter


Innate Abilities, Weirdness & Mutations

You have a pair of large horns on your head.
You reflexively headbutt those who attack you in melee.
You possess an exceptional clarity of mind.
Your mind is acute. (Int +4, Str/Dex -1)


Message History

You hit the manticore. The manticore closely misses you.
The manticore barely misses you.
The manticore claws you but does no damage.
The boulder beetle bites you!!
* * * LOW HITPOINT WARNING * * *
You slash the boulder beetle!
The boulder beetle is almost dead.
You hit the manticore but do no damage. You block the manticore's attack.
The manticore claws you but does no damage.
The manticore completely misses you. The boulder beetle bites you.
* * * LOW HITPOINT WARNING * * *
You hit the boulder beetle.
The boulder beetle is almost dead.
You slash the manticore! The manticore bites you!
* * * LOW HITPOINT WARNING * * *
The manticore claws you but does no damage. x2
The boulder beetle bites you but does no damage.
You feel much better. You block the manticore's attack.
The manticore barely misses you. x2; The boulder beetle bites you!
* * * LOW HITPOINT WARNING * * *
You hit the boulder beetle.
You headbutt the boulder beetle, but do no damage.
The boulder beetle is almost dead.
You hit the manticore. You block the manticore's attack.
The manticore claws you.
* * * LOW HITPOINT WARNING * * *
The manticore barely misses you.
The boulder beetle leaps!
You slash the manticore!
The manticore is almost dead.
The manticore bites you but does no damage.
You block the manticore's attack. x2
The boulder beetle curls into a ball and begins rolling!
You slash the manticore!
You kill the manticore!
Okawaru accepts your kill.
You hit the boulder beetle but do no damage.
You headbutt the boulder beetle, but do no damage.
The boulder beetle is almost dead.
The boulder beetle hits you!!
You die...

#...........
+..........
.=...... ..
#.....###.#
#.........# .
+.........# .>
#######.######...
.......<.....(...
......°B@........
.....°.....((....
#################


You could see a boulder beetle (rolling).

Vanquished Creatures
  2 two-headed ogres (D:8)
  Amaemon (D:8)
  2 manticores
  An orange demon (D:8)
  A hornet (D:8)
  2 shadows
  11 yaks
  A wyvern (D:7)
  A steam dragon (D:9)
  A water moccasin (D:7)
  3 acid dragons
  2 orc warriors
  2 ice beasts
  A sky beast (D:7)
  A black bear (D:7)
  3 ogres
  5 wolves (Bailey)
  3 centaurs
  4 phantoms
  2 kobold brigands
  5 bullfrogs
  11 gnoll sergeants
  4 scorpions
  2 necrophages
  8 killer bees
  6 howler monkeys
  3 orc priests (D:7)
  5 hounds
  5 jellies
  4 gnoll boudas (Bailey)
  8 orc wizards
  Natasha (thrice) (D:2)
  3 iguanas
  Robin (D:2)
  26 gnolls
  4 adders
  A shadow imp (D:5)
  3 white imps
  An ufetubus (D:3)
  2 dart slugs (D:2)
  22 orcs
  5 bats
  8 endoplasms
  A giant cockroach (D:1)
  9 hobgoblins
  4 jackals (D:1)
  4 quokkas
  8 ball pythons
  4 frilled lizards
  20 goblins
  15 kobolds
  5 rats
259 creatures vanquished.

Notes
Turn   | Place    | Note
-------+----------+-------------------------------------------
     0 | D:1      | cowcol the Minotaur Fighter began the quest for the Orb.
     0 | D:1      | Reached XP level 1. HP: 19/19 MP: 0/0
   736 | D:1      | Reached XP level 2. HP: 26/27 MP: 1/1
   892 | D:1      | Reached skill level 3 in Axes
   937 | D:1      | You fall into a shaft and drop 1 floor!
   963 | D:2      | Reached XP level 3. HP: 33/33 MP: 2/2
  1425 | D:2      | Reached skill level 4 in Axes
  1425 | D:2      | Reached XP level 4. HP: 20/41 MP: 3/3
  1849 | D:2      | Noticed Robin
  1858 | D:2      | Killed Robin
  1859 | D:2      | Reached XP level 5. HP: 47/47 MP: 4/4
  1931 | D:2      | Reached skill level 5 in Axes
  1989 | D:2      | Noticed Natasha
  1993 | D:2      | Killed Natasha
  2016 | D:2      | Noticed Natasha
  2026 | D:2      | Killed Natasha
  2088 | D:2      | Noticed Natasha
  2100 | D:2      | Killed Natasha
  2339 | D:3      | Reached skill level 6 in Axes
  2339 | D:3      | Found a bloodstained altar of Trog.
  2556 | D:3      | Found a shimmering blue altar of Sif Muna.
  2560 | D:3      | Reached skill level 5 in Armour
  2560 | D:3      | Reached XP level 6. HP: 45/53 MP: 5/5
  2563 | D:3      | Got Sif Muna's Meditations on Left-Handed Magic
  3780 | D:4      | Found a staircase to the Ecumenical Temple.
  3789 | Temple   | Entered the Ecumenical Temple
  3884 | Temple   | Became a worshipper of Warmaster Okawaru
  3920 | D:4      | Reached skill level 5 in Fighting
  3920 | D:4      | Reached skill level 7 in Axes
  3959 | D:4      | Found Kityonun's Firing Range.
  3995 | D:4      | Reached XP level 7. HP: 54/61 MP: 6/6
  4267 | D:4      | Identified the ring "Pyleepul" {Fire rCorr Dex+4 Stlth+}
  4709 | D:5      | Entered Level 5 of the Dungeon
  4919 | D:4      | Reached * piety under Okawaru
  4926 | D:4      | Reached skill level 8 in Axes
  5685 | D:5      | Reached skill level 1 in Throwing
  5829 | D:5      | Reached skill level 1 in Invocations
  5829 | D:5      | Reached XP level 8. HP: 56/70 MP: 7/7
  6307 | D:5      | Found Guuxuw's Jewellery Emporium.
  6567 | D:5      | Reached skill level 9 in Axes
  6866 | D:6      | Reached ** piety under Okawaru
  7336 | D:6      | Found an ornate altar of the Wu Jian Council.
  7347 | D:6      | Found a sacrificial altar of Ru.
  7347 | D:6      | Found a blossoming altar of Fedhas.
  7365 | D:6      | Found a glowing golden altar of the Shining One.
  7368 | D:6      | Found a shadowy altar of Dithmenos.
  7374 | D:6      | Found a hide-covered altar of Uskayaw.
  7377 | D:6      | Found an ancient bone altar of Kikubaaqudgha.
  7379 | D:6      | Found a snail-covered altar of Cheibriados.
  7385 | D:6      | Found a glowing silver altar of Zin.
  7435 | D:6      | Found a radiant altar of Vehumet.
  7801 | D:6      | Reached skill level 10 in Axes
  7801 | D:6      | Found a shimmering altar of Xom.
  8246 | D:7      | Reached XP level 9. HP: 36/78 MP: 10/10
  9052 | D:7      | Reached *** piety under Okawaru
  9053 | D:7      | Reached skill level 11 in Axes
  9084 | D:7      | Reached skill level 12 in Axes
  9929 | D:8      | Noticed Amaemon
  9932 | D:8      | Noticed an orange demon
 10327 | D:7      | Reached **** piety under Okawaru
 10343 | D:8      | Killed an orange demon
 10344 | D:8      | Reached XP level 10. HP: 15/88 MP: 11/11
 10830 | D:8      | Killed Amaemon
 10831 | D:8      | Reached skill level 13 in Axes
 10968 | D:8      | Found a staircase to the Lair.
 11216 | D:8      | Noticed a two-headed ogre
 11225 | D:8      | Killed a two-headed ogre
 11225 | D:8      | Received a gift from Okawaru
 11226 | D:8      | Reached skill level 10 in Armour
 11435 | D:8      | Noticed a two-headed ogre
 11448 | D:8      | Killed a two-headed ogre
 11488 | D:8      | Noticed a manticore
 11509 | D:8      | HP: 4/91 [manticore (13)]
 11512 | D:8      | Killed a manticore
 11512 | D:8      | Reached ***** piety under Okawaru
 12186 | D:8      | Found a sparkling altar of Nemelex Xobeh.
 12186 | D:8      | Found a transporter.
 12186 | D:8      | Noticed a purple ugly thing
 12341 | D:9      | Found a flagged portal.
 12352 | Bailey   | Entered a bailey
 12734 | Bailey   | Reached skill level 14 in Axes
 13157 | Bailey   | Gained mutation: You sometimes lose your temper in combat.
                  | [potion of mutation]
 13157 | Bailey   | Gained mutation: You are partially covered in iridescent
                  | scales. (AC +2) [potion of mutation]
 13589 | Bailey   | Reached XP level 11. HP: 97/97 MP: 12/12
 14324 | D:9      | Identified the +1 pair of boots of Foymut {rPois rC+}
                  | (Okawaru gifted it to you on level 9 of the Dungeon)
 14324 | D:9      | Received a gift from Okawaru
 14646 | D:9      | Lost mutation: You sometimes lose your temper in combat.
                  | [potion of mutation]
 14646 | D:9      | Lost mutation: You are partially covered in iridescent
                  | scales. (AC +2) [potion of mutation]
 14646 | D:9      | Gained mutation: Your mind is acute. (Int +4, Str/Dex -1)
                  | [potion of mutation]
 14646 | D:9      | Gained mutation: You possess an exceptional clarity of
                  | mind. [potion of mutation]
 14646 | D:9      | Gained mutation: You have a pair of large horns on your
                  | head. [potion of mutation]
 14731 | D:9      | Reached skill level 15 in Axes
 15078 | D:9      | Identified the +5 flail "Suklaru" {holy, rPois}
 15101 | D:9      | Reached skill level 10 in Fighting
 15150 | D:10     | Entered Level 10 of the Dungeon
 15678 | D:10     | Reached skill level 1 in Dodging
 16229 | D:10     | Found a basalt altar of Yredelemnul.
 16772 | D:11     | Noticed a boulder beetle
 16806 | D:11     | Slain by a boulder beetle

Illustrated notes

Levels and vault maps discovered:
D:1:      minmay_arrival_five_plusses, layout_loops_ring
D:2:      layout_rooms, uniq_natasha, uniq_robin
D:3:      layout_basic, nzn_overflow_gifts_of_might_and_magic
D:4:      layout_cave_pods, minmay_temple_entry_waves, nicolae_shop_firing_range
D:5:      layout_cave_pools, serial_shops, kennysheep_little_box, minmay_holes
D:6:      layout_basic, marbit_many_paths, nicolae_overflow_hallway_of_the_gods,
          nicolae_vehumet_altar_sigil,
          chequers_temple_overflow_statue_of_worship
D:7:      layout_basic, corexii_checkpoint_b
D:8:      kennysheep_blocky_room, layout_cave_pools, grunt_nemelex_the_gamble,
          lair_entry_dummy, uniq_amaemon
D:9:      layout_small_grid, enter_bailey_3, minmay_misc_feat_square,
          amcnicky_mini_pool_small
D:10:     layout_loops_corners, lemuel_doored_altar, hellmonk_bongcloud_opening
D:11:     layout_grid_maze, nicolae_twisting_strands, nicolae_fountain_basement
Temple:   nicolae_temple_bog_church

Skill      XL: |  1  2  3  4  5  6  7  8  9 10 11 |
---------------+----------------------------------+-----
Armour         | 4 5 6 8 9 11 | 11.6
Fighting       | 4 5 6 8 9 10 | 10.1
Axes           | 3 4 6 7 8 10 12 14 15 | 15.3
Throwing       | 1 |  1.0
Invocations    | 1 3 |  3.0
Dodging        | 1 |  1.5
Shields        | |  3.6

Action                   |  1- 3 |  4- 6 |  7- 9 | 10-12 || total
-------------------------+-------+-------+-------+-------++-------
Melee: War axe           |    70 |   116 |   260 |   313 ||   759
       Headbutt          |     5 |    18 |    51 |    76 ||   150
Throw: Dart              |       |     6 |    34 |    27 ||    67
       Throwing net      |       |       |       |     4 ||     4
Invok: Heroism           |       |       |       |     7 ||     7
Evoke: Wand              |       |       |       |     1 ||     1
  Use: Potion            |     2 |     1 |     5 |    12 ||    20
       Scroll            |     1 |     3 |     7 |     9 ||    20
 Stab: Sleeping          |       |       |     2 |     7 ||     9
       Distracted        |       |       |       |     1 ||     1
Armor: Scale mail        |    35 |    62 |    11 |       ||   108
       Chain mail        |       |       |    23 |       ||    23
       Shadow dragon sca |       |       |   118 |   137 ||   255
       Skin              |       |       |       |     2 ||     2
Dodge: Dodged            |    36 |    45 |   127 |   150 ||   358
Block: Buckler           |    21 |    23 |    69 |    74 ||   187
       Kite shield       |       |       |       |    40 ||    40
